 Dungeon Crawl Stone Soup version 0.28-a0-535-g6f645e4c1d (webtiles) character file.

Game seed: 3893521136541182353

318 speeev33 the Skirmisher (level 6, -4/40 HPs)
             Began as a Gargoyle Fighter on Sept 26, 2021.
             Killed by divine providence
             ... invoked by an orc priest
              (12 damage)
             ... on level 7 of the Dungeon.
             The game lasted 00:06:24 (3487 turns).

speeev33 the Skirmisher (Gargoyle Fighter)          Turns: 3487, Time: 00:06:24

Health: -4/40      AC: 11    Str: 22    XL:     6   Next: 45%
Magic:  6/6        EV:  9    Int:  8    God:
Gold:   102        SH:  4    Dex:  9    Spells: 5/5 levels left

rFire   . . .      SeeInvis .   a - +1 flail
rCold   . . .      Faith    .   c - +0 buckler
rNeg    + . .      Spirit   .   b - +0 scale mail
rPois   ∞          Reflect  .   (no helmet)
rElec   +          Harm     .   (no cloak)
rCorr   .          Rampage  .   (no gloves)
Will    .....                   (no boots)
Stlth   ..........              (no amulet)
HPRegen 0.13/turn               (no ring)
MPRegen 0.10/turn               (no ring)

@: no status effects
A: sickness immunity, AC +4, negative energy resistance 1, electricity
resistance, torment resistance 1, petrification resistance
a: no special abilities


You were on level 7 of the Dungeon.
You visited 1 branch of the dungeon, and saw 5 of its levels.

You collected 102 gold pieces.

Inventory:

Hand Weapons
 a - a +1 flail (weapon)
Armour
 b - a +0 scale mail (worn)
 c - a +0 buckler (worn)
Scrolls
 f - a scroll of torment
 h - a scroll of teleportation
 k - a scroll of enchant weapon
Potions
 e - a potion of cancellation
 g - 4 potions of curing
 i - 2 potions of lignification
 j - 3 potions of heal wounds
 l - a potion of mutation {unknown}


   Skills:
 + Level 5.0 Fighting
 + Level 3.9 Maces & Flails
 + Level 5.0 Armour
 - Level 4.0 Shields


You had 5 spell levels left.
You didn't know any spells.
Your spell library contained the following spells:

 Spells                   Type           Power      Damage    Failure   Level
 Corpse Rot               Necr/Air       N/A        N/A       85%         2
 Poisonous Vapours        Pois/Air       0%         N/A       85%         2
 Portal Projectile        Hex/Tloc       0%         N/A       97%         3
 Blade Hands              Tmut           0%         N/A       100%        5
 Excruciating Wounds      Necr           0%         N/A       100%        5


Dungeon Overview and Level Annotations

Branches:
Dungeon (4/15)
 Temple: D:4-7

Altars:
Ashenzari
Dithmenos
Kikubaaqudgha
Makhleb
The Shining One


Innate Abilities, Weirdness & Mutations

You are immune to sickness and miasma.
Your stone body is resilient. (AC +4)
You are immune to poison.
You resist negative energy. (rN+)
You are resistant to electric shocks. (rElec)
You are resistant to unholy torment.
You are immune to petrification.


Message History

As you read the scroll of identify, it crumbles to dust.
i - 2 potions of lignification You fall into a shaft and drop 3 floors!
The shaft crumbles and collapses.
An orc and an orc priest come into view.
The orc is wielding a +0 dagger of venom.
The orc priest shouts!
The orc shouts!
Found an ancient bone altar of Kikubaaqudgha.
An orc priest comes into view. It is wielding a +0 whip.
An ice beast comes into view.
Found an emerald potion.
You see here an emerald potion.
Okay, then.
Found a scroll of enchant weapon.
The orc priest looks satisfied for a moment.
You see here a scroll of enchant weapon.
Found 22 gold pieces.
Found a falchion.
You see here 22 gold pieces.
You sock the ice beast!
The ice beast is heavily wounded.
The ice beast hits you. The ice beast freezes you!
You sock the ice beast!
The ice beast is severely wounded.
The ice beast hits you but does no damage.
You closely miss the ice beast.
The ice beast is severely wounded.
The ice beast hits you but does no damage.
The ice beast hits you. The ice beast freezes you!
You thump the ice beast!
You kill the ice beast!
The orc priest mumbles some strange prayers to Beogh against you.
Beogh smites you!
* * * LOW HITPOINT WARNING * * *
Your Fighting skill increases to level 5!
Your Armour skill increases to level 5!
The orc hits you but does no damage.
The orc priest calls down the wrath of Beogh upon you.
Beogh smites you!
You die...

##...######
#.# ##.##
###.### #.#
#.....# #.#
#.#.#.# #+#
#.#o#.# #
#.# # # #
#o# # #
#.#.#.# #
#..@..# .+
+.......#
##
####...## #
##... #
###.# ##


You could see an orc priest and an orc.

Vanquished Creatures
  An ice beast (D:7)
  A phantom (D:4)
  A scorpion (D:2)
  3 adders (D:3)
  A worm (D:2)
  6 orcs
  7 ball pythons
  3 endoplasms
  3 giant cockroaches
  4 goblins
  5 hobgoblins
  3 jackals (D:3)
  3 quokkas
  3 bats
  3 frilled lizards
  4 kobolds
  4 rats
55 creatures vanquished.

Notes
Turn   | Place    | Note
-------+----------+-------------------------------------------
     0 | D:1      | speeev33 the Gargoyle Fighter began the quest for the Orb.
     0 | D:1      | Reached XP level 1. HP: 14/14 MP: 1/1
   378 | D:1      | Reached XP level 2. HP: 19/19 MP: 2/2
   620 | D:1      | Found a faded altar of an unknown god.
  1423 | D:2      | Found a burning altar of Makhleb.
  1446 | D:2      | Reached XP level 3. HP: 17/23 MP: 3/3
  2216 | D:3      | Noticed a scorpion
  2230 | D:2      | Killed a scorpion
  2231 | D:2      | Reached XP level 4. HP: 16/29 MP: 4/4
  2622 | D:3      | Reached XP level 5. HP: 26/33 MP: 5/5
  3174 | D:3      | Found a glowing golden altar of the Shining One.
  3176 | D:3      | Found a broken altar of Ashenzari.
  3303 | D:4      | Noticed a phantom
  3318 | D:4      | Killed a phantom
  3319 | D:4      | Reached XP level 6. HP: 38/39 MP: 6/6
  3395 | D:4      | Found a shadowy altar of Dithmenos.
  3404 | D:4      | You fall into a shaft and drop 3 floors!
  3404 | D:7      | Found an ancient bone altar of Kikubaaqudgha.
  3407 | D:7      | Noticed an ice beast
  3476 | D:7      | Killed an ice beast
  3477 | D:7      | Reached skill level 5 in Fighting
  3477 | D:7      | Reached skill level 5 in Armour
  3487 | D:7      | Killed from afar by an orc priest

Illustrated notes

Levels and vault maps discovered:
D:1:      grunt_arrival_crossed_arrows, layout_basic,
          hellmonk_ecumenical_altar_run_dry
D:2:      layout_basic, basic_altar
D:3:      layout_loops_cross, nicolae_overflow_hidden_temple
D:4:      layout_basic, grunt_dithmenos_smoke_and_mirrors
D:7:      layout_loops_corners, grunt_temple_overflow_magic_moments,
          uniq_crazy_yiuf_cottage, uniq_maggie, uniq_duvessa, uniq_joseph

Skill      XL: |  1  2  3  4  5  6 |
---------------+-------------------+-----
Fighting       | 4 5 |  5.0
Armour         | 4 5 |  5.0
Shields        | 4 |  4.0
Maces & Flails | 3 |  3.9

Action                   |  1- 3 |  4- 6 || total
-------------------------+-------+-------++-------
Melee: Flail             |    92 |    90 ||   182
  Use: Scroll            |     5 |     6 ||    11
       Potion            |     1 |       ||     1
Armor: Scale mail        |    43 |    43 ||    86
Dodge: Dodged            |    43 |    32 ||    75
Block: Buckler           |    20 |    17 ||    37

Table legend: (Time is in decaauts)
 A = Elapsed time spent in this place.
 B = Non-inter-level travel time spent in this place.
 C = Inter-level travel time spent in this place.
 D = Time resting spent in this place.
 E = Time spent auto-exploring this place.
 F = Levels seen in this place.
 G = Mean time per level.
                   A        B        C        D        E       F      G
               +--------+--------+--------+--------+--------+-----+--------+
         Total |   3537 |   3337 |    200 |    176 |   2554 |   5 |  707.4 |
       Dungeon |   3537 |   3337 |    200 |    176 |   2554 |   5 |  707.4 |
               +--------+--------+--------+--------+--------+-----+--------+

Top non-repeatable levels by time:
     D:2: 1313 daAuts
     D:1: 1082 daAuts
     D:3: 940 daAuts
     D:4: 117 daAuts
     D:7: 83 daAuts
